 Dungeon Crawl Stone Soup version 0.25-a0-949-gdd2af9e06e (webtiles) character file.

Game seed: 11144016689880909588, levelgen mode: deterministic

316 Flugslaktarn the Shield-Bearer (level 6, -19/49 HPs)
             Began as a Formicid Fighter on May 8, 2020.
             Demolished by an ogre
             ... wielding a +0 giant club
              (21 damage)
             ... on level 4 of the Dungeon.
             The game lasted 00:02:09 (3582 turns).

Flugslaktarn the Shield-Bearer (Formicid Fighter)   Turns: 3582, Time: 00:02:09

Health: -19/49     AC: 10    Str: 20    XL:     6   Next: 73%
Magic:  6/6        EV:  6    Int:  8    God:
Gold:   173        SH:  9    Dex: 10    Spells: 5/5 levels left

rFire    . . .     SeeInvis +   a - +0 war axe
rCold    . . .     Gourm    .   c - +0 kite shield
rNeg     . . .     Faith    .   n - +0 chain mail
rPois    .         Spirit   .   (helmet unavailable)
rElec    .         Reflect  .   (no cloak)
rCorr    .         Harm     .   g - +0 pair of gloves
MR       .....                  (no boots)
Stlth    ..........             (no amulet)
HPRegen  0.16/turn              h - -2 ring of strength (curse)
MPRegen  0.10/turn              (no ring)

@: mighty
A: permanent stasis, dig shafts and tunnels, four strong arms, antennae 3
a: Dig, Shaft Self


You were on level 4 of the Dungeon.
You were not hungry.

You visited 1 branch of the dungeon, and saw 4 of its levels.

You collected 173 gold pieces.

Inventory:

Hand Weapons
 a - a +0 war axe (weapon)
Armour
 c - a +0 kite shield (worn)
 g - a +0 pair of gloves (worn)
   (You found it on level 1 of the Dungeon)
 n - a +0 chain mail (worn)
   (You took it off Terence on level 3 of the Dungeon)
Jewellery
 h - a cursed -2 ring of strength (left hand)
   (You found it on level 1 of the Dungeon)
 j - an uncursed ring of fire
   (You found it on level 2 of the Dungeon)
Wands
 v - a wand of digging (8)
   (You took it off Terence on level 3 of the Dungeon)
Scrolls
 b - a scroll of remove curse {unknown}
 f - 3 scrolls of fog
 l - a scroll of enchant armour {unknown}
Potions
 d - a potion of might
 i - a potion of brilliance {unknown}
 k - 2 potions of ambrosia
 q - a potion of curing
Comestibles
 e - 6 rations


   Skills:
 + Level 4.5 Fighting
 * Level 4.4 Axes
 + Level 4.4 Armour
 + Level 4.9 Shields


You had 5 spell levels left.
You didn't know any spells.
Your spell library was empty.

Dungeon Overview and Level Annotations

Branches:
Dungeon (4/15)
 Temple: D:4-7

Altars:
Uskayaw

Portals:
Abyss: D:4

Annotations:
D:4 2 transporters, FrogZ's ghost, amateur DrIE


Innate Abilities, Weirdness & Mutations

You cannot be hasted, slowed, berserked, paralysed or teleported.
You can dig through walls and to a lower floor.
Your four strong arms can wield two-handed weapons with a shield.
You have a pair of large antennae on your head. (SInv)


Message History

* * * LOW HITPOINT WARNING * * *
You are too injured to fight recklessly!
You are too injured to fight recklessly!
You are too injured to fight recklessly!
You are too injured to fight recklessly!
You are too injured to fight recklessly!
You are too injured to fight recklessly!
You block the ogre's attack.
Unknown command.
You feel very mighty all of a sudden.
You slash the ogre!
The ogre is almost dead.
You block the ogre's attack.
You slash the ogre!
You kill the ogre!
Your chain mail prevents you from hitting the ogre.
The ogre hits you with a +0 giant club!
* * * LOW HITPOINT WARNING * * *
The ogre hits you with a +0 giant club!!
You die...

## ##### #.# #.# #.#
#.# #O# #.# #########
#.# #.......#####.#
#.##.....@O...#
#######<##.##.#######
...........##.#
#######รท#####.#
#.#####.# #..)....#
#########


You could see an ogre.

Vanquished Creatures
  An ogre (D:4)
  A howler monkey (D:3)
  A hound (D:4)
  Terence (D:3)
  An iguana (D:4)
  A gnoll (D:1)
  2 adders
  2 worms
  3 dart slugs
  2 leopard geckos
  7 giant cockroaches
  6 goblins
  11 hobgoblins
  3 jackals (D:3)
  A quokka (D:4)
  10 bats
  6 frilled lizards
  10 kobolds
  6 rats
75 creatures vanquished.

Vanquished Creatures (others)
  A kobold (D:1)
1 creature vanquished.

Grand Total: 76 creatures vanquished

Notes
Turn   | Place    | Note
-------+----------+-------------------------------------------
     0 | D:1      | Flugslaktarn the Formicid Fighter began the quest for the
                  | Orb.
     0 | D:1      | Reached XP level 1. HP: 18/18 MP: 1/1
   281 | D:1      | Reached XP level 2. HP: 5/24 MP: 2/2
   630 | D:1      | Reached XP level 3. HP: 29/29 MP: 3/3
  1292 | D:2      | Reached XP level 4. HP: 34/37 MP: 4/4
  1351 | D:2      | You fall into a shaft and drop 2 floors!
  1372 | D:4      | Found a transporter.
  1373 | D:4      | Noticed a small abomination
  1382 | D:4      | Found a one-way gate to the infinite horrors of the Abyss.
  1382 | D:4      | Noticed FrogZ's ghost (amateur DrIE)
  1382 | D:4      | Noticed a small abomination
  1452 | D:4      | Found a transporter.
  1701 | D:4      | Noticed an ogre
  1703 | D:4      | Noticed an ogre
  2021 | D:3      | Noticed Terence
  2034 | D:3      | Reached XP level 5. HP: 41/42 MP: 5/5
  2035 | D:3      | Killed Terence
  2671 | D:2      | Found a hide-covered altar of Uskayaw.
  2801 | D:3      | Reached XP level 6. HP: 43/48 MP: 6/6
  3581 | D:4      | Killed an ogre
  3582 | D:4      | HP: 2/49 [ogre/+0 giant club (15)]
  3582 | D:4      | Demolished by an ogre

Levels and vault maps discovered:
D:1:      tarquinn_simple_flora_water_a, layout_loops_corners,
          chequers_arboretum, lemuel_flame_loot_1
D:2:      layout_loops_ring, eat_drink_and_be_merry_uskayaw
D:3:      layout_basic, first_ration, uniq_terence
D:4:      minmay_diamond_boxcup, layout_loops_ring, temple_statues,
          gammafunk_ghost_abyssal_escape

Skill      XL: |  1  2  3  4  5  6 |
---------------+-------------------+-----
Shields        | 4 |  4.9
Axes           | 3 4 |  4.4
Fighting       | 4 |  4.5
Armour         | 4 |  4.4

Action                   |  1- 3 |  4- 6 || total
-------------------------+-------+-------++-------
Melee: War axe           |    99 |   173 ||   272
       Hand axe          |       |     5 ||     5
  Use: Scroll            |       |     8 ||     8
       Potion            |       |     1 ||     1
  Eat: Chunk             |       |     9 ||     9
Armor: Scale mail        |    52 |    23 ||    75
       Chain mail        |       |    61 ||    61
Dodge: Dodged            |    41 |    52 ||    93
Block: Kite shield       |    45 |    84 ||   129

Table legend:
 A = Non-vault XP
 B = Vault XP
 C = Vault XP percentage of total XP
 D = Non-vault monster count
 E = Vault monster count
 F = Vault count percentage of total count
                 A         B        C        D         E       F
            +---------+---------+-------+---------+---------+-------
      Total |     416 |      36 |   8.0 |      74 |       1 |   1.3
            +---------+---------+-------+---------+---------+-------
        D:1 |      52 |       0 |   0.0 |      22 |       0 |   0.0
        D:2 |      57 |       0 |   0.0 |      23 |       0 |   0.0
        D:3 |      94 |      36 |  27.7 |      24 |       1 |   4.0
        D:4 |     213 |       0 |   0.0 |       5 |       0 |   0.0
            +---------+---------+-------+---------+---------+-------
